[Event "*** SCC Grand Prix: Titled Tuesday Blitz"]
[Site "Chess.com"]
[Date "2020.07.07"]
[Round "4"]
[White "praveenb2002"]
[Black "FontVella8"]
[Result "1-0"]
[WhiteElo "2698"]
[BlackElo "2440"]
[TimeControl "180+1"]
[EndTime "10:40:04 PDT"]
[Termination "praveenb2002 won on time"]

1. e4 c6 2. d4 d5 3. e5 c5 4.
dxc5 e6 5. Be3 Nh6 6. Nf3 Nf5 7. Bg5 Qa5+ 8. c3 Qxc5 9. Bd3 Nc6 10. Nbd2 h6 11.
Nb3 Qb6 12. Bd2 Be7 13. O-O g5 14. Qe2 g4 15. Nfd4 Nfxd4 16. cxd4 Nxd4 17. Qxg4 Nc6 18. Qg7 Rf8 19. Bxh6 Bd7 20. Qh7 Nxe5 21. Bxf8 Bxf8 22.
Rfe1 Nxd3 23. Qxd3 O-O-O 24. Qf3 f5 25. Rad1 Bd6 26.
Nd4 Re8 27. Nxf5 exf5 28. Rxe8+ Bxe8 29. Qxd5 Kc7 30. b3 f4 31. h4 Qc5 32. Qd2 Qe5 33.
Re1 Qh8 34. Re6 Bc5 35. Qxf4+ 1-0

[Event "*** SCC Grand Prix: Titled Tuesday Blitz"]
[Site "Chess.com"]
[Date "2020.07.07"]
[Round "4"]
[White "Th3_Hound"]
[Black "imdarealist"]
[Result "1/2-1/2"]
[WhiteElo "2520"]
[BlackElo "2339"]
[TimeControl "180+1"]
[EndTime "10:40:04 PDT"]
[Termination "Game drawn by repetition"]

1. e4 e5 2. Nf3 Nf6 3. Nxe5 d6 4. Nf3 Nxe4 5. d4 d5 6. Bd3 Nd6 7. O-O Be7 8. Re1 O-O 9. Nc3 c6 10. Ne2 Bf5 11. Ng3 Bxd3 12. Qxd3 Re8 13. Bf4 Nd7 14.
Re2 Bf8 15. Rae1 Rxe2 16. Rxe2 Qb6 17. b3 Nf6 18. Ne5 Re8 19. h3 Nde4 20. Nd7 Nxd7 21. Nxe4 dxe4 22. Rxe4 Rxe4 23. Qxe4 Nf6 24. Qd3 Qd8 25.
c4 h6 26. a4 Bd6 27. Be3 b6 28. Qf5 Qd7 29. Qf3 c5 30. d5 Qe7 31. g3 Ne4 32.
Qd1 Ng5 33. h4 Ne4 34. Qd3 f5 35. Kg2 Be5 36. f3 Nd6 37. Bd2 Qf6 38. a5 f4 39.
axb6 axb6 40. gxf4 Bxf4 41. Be1 Nf5 42. Kh3 Ne3 43.
Qe4 Qf5+ 44. Qxf5 Nxf5 45. Kg4 Ne3+ 46. Kxf4 Ng2+ 47. Ke5 Nxe1 48. Kd6 Kf8 49. f4 Nd3 50. f5 Ke8 51. Kc7 Ne5 52. Kxb6 Nd7+ 53. Kb5 Ke7 54. b4 cxb4 55. Kxb4 Kd6 56. Kb5 Nc5 57. Kb6 Nd7+ 58. Kb5 Nc5 59. Kb6 Nd7+ 60. Kb5 1/2-1/2

[Event "*** SCC Grand Prix: Titled Tuesday Blitz"]
[Site "Chess.com"]
[Date "2020.07.07"]
[Round "4"]
[White "Veiso"]
[Black "Gusarov91"]
[Result "0-1"]
[WhiteElo "2386"]
[BlackElo "2583"]
[TimeControl "180+1"]
[EndTime "10:40:05 PDT"]
[Termination "Gusarov91 won on time"]

1. d4 Nf6 2. c4 g6 3. Nc3 d5 4.
Nf3 Bg7 5. Bg5 Ne4 6. Bh4 Nxc3 7.
bxc3 dxc4 8. Qa4+ Nd7 9. e3 O-O 10. Qa3 Re8 11. Bxc4 Nf6 12. Ne5 e6 13. O-O Qd6 14. Qb3 Ne4 15. Qc2 f5 16. f4 g5 17. Be1 c5 18. Rd1 gxf4 19. exf4 cxd4 20. cxd4 Bd7 21. Kh1 Rac8 22. Qb3 b5 23. Bxb5 Bxb5 24.
Qxb5 Rb8 25. Qa4 a6 26. a3 Bxe5 27. dxe5 Qf8 28. Bb4 Qh6 29. Kg1 Red8 30. Qxa6 Rxd1 31. Rxd1 Qxf4 32. Qxe6+ Kh8 33. Qb3 Qf2+ 34. Kh1 Rg8 35.
Rg1 Rxg2 0-1

[Event "*** SCC Grand Prix: Titled Tuesday Blitz"]
[Site "Chess.com"]
[Date "2020.07.07"]
[Round "4"]
[White "Michaelson_11"]
[Black "PenguinPacks"]
[Result "0-1"]
[WhiteElo "2096"]
[BlackElo "2359"]
[TimeControl "180+1"]
[EndTime "10:40:05 PDT"]
[Termination "PenguinPacks won by checkmate"]

1. e4 e5 2. Nf3 Nc6 3. Nc3 Nf6 4.
Bb5 Nd4 5. Bc4 Bc5 6. d3 d6 7.
Bg5 c6 8. a3 Bg4 9. b4 Bb6 10.
h3 Bxf3 11. gxf3 h6 12. Be3 d5 13. exd5 cxd5 14. Bb5+ Nxb5 15. Nxb5 d4 16. Bd2 a6 17.
Qe2 O-O 18. Rg1 Kh7 19. f4 exf4 20. Kf1 axb5 21. Bxf4 Qd5 22. Rg3 Rfe8 23. Qf3 Qxf3 24. Rxf3 Rac8 25. Ra2 Nd5 26. Bd2 f6 27. Rf5 Re5 28.
Rxe5 fxe5 29. Ke2 Nc3+ 30. Bxc3 Rxc3 31. Kf3 Bc7 32. Ke4 Rc6 33. Kd5 Rf6 34. c3 dxc3 35. Rc2 Rc6 36. h4 Kg6 37. f3 Kf5 38. h5 Bb6 39. a4 bxa4 40. b5 Rc8 41. Kd6 Bd4 42. Ke7 Rc5 43. Kf7 Rxb5 44. Rg2 Rb2 45. Rxg7 c2 46.
Rg6 c1=Q 47. Rf6+ Kg5 48. f4+ exf4 49. Rg6+ Kf5 50. Kg8 Qc8+ 51. Kf7 Qd7+ 52. Kf8 Rc2 53. Kg8 Rc8# 0-1

[Event "*** SCC Grand Prix: Titled Tuesday Blitz"]
[Site "Chess.com"]
[Date "2020.07.07"]
[Round "4"]
[White "Antipov_Mikhail_Al"]
[Black "S-Fazulyanov"]
[Result "1-0"]
[WhiteElo "2826"]
[BlackElo "2540"]
[TimeControl "180+1"]
[EndTime "10:40:06 PDT"]
[Termination "Antipov_Mikhail_Al won by resignation"]

1. e4 c5 2. Nf3 Nc6 3. Bb5 g6 4. Bxc6 dxc6 5. d3 Bg7 6. h3 e5 7. Nc3 h6 8. a4 Be6 9. a5 Ne7 10. b3 b6 11. Bb2 O-O 12. Ne2 Qd6 13. g4 b5 14. Qd2 Rad8 15. Qe3 Rfe8 16. Ba3 b4 17.
Bb2 Kh7 18. Rg1 Rd7 19. Nd2 Red8 20. Ng3 Bf6 21. Ngf1 Bg5 22. Qe2 Bf4 23. Ne3 Qc7 24. h4 Kg8 25. Kf1 Kh7 26. Nf3 Kg8 27. Ng2 Bxg4 28.
Nxf4 Bxf3 29. Qxf3 exf4 30. Rg4 Rf8 31. Rxf4 f5 32. Re1 Qd6 33. exf5 Rxf5 34. Rxf5 Nxf5 35. h5 Re7 36. Rxe7 Nxe7 37. Qg4 g5 38. Qe4 Nd5 39. Qe8+ Qf8 40. Qg6+ 1-0

[Event "*** SCC Grand Prix: Titled Tuesday Blitz"]
[Site "Chess.com"]
[Date "2020.07.07"]
[Round "4"]
[White "ace_mar"]
[Black "novocane"]
[Result "1-0"]
[WhiteElo "2440"]
[BlackElo "2263"]
[TimeControl "180+1"]
[EndTime "10:40:06 PDT"]
[Termination "ace_mar won by resignation"]

1. d4 Nf6 2. c4 e6 3. g3 d5 4. Nf3 Be7 5. Bg2 O-O 6. O-O Nbd7 7. Qc2 c6 8. Nbd2 b6 9. e4 dxe4 10. Nxe4 Bb7 11. Rd1 Nxe4 12. Qxe4 Nf6 13. Qc2 Qc8 14. Ne5 c5 15. d5 exd5 16. cxd5 Bd6 17. Nc4 Ne8 18. Re1 Qc7 19. Nxd6 Nxd6 20. Bf4 Rfe8 21. a4 Rad8 22. h4 h6 23. a5 Rxe1+ 24. Rxe1 b5 25.
Qe2 Qd7 26. Qe7 c4 27. Bh3 Qxe7 28. Rxe7 Bxd5 29. Rxa7 Be6 30. Bg2 Nf5 31. Rb7 Bd5 32. Bxd5 Rxd5 33. a6 Rd1+ 34. Kg2 Ra1 35. a7 Kh7 36.
Rxf7 Nd4 37. Be3 Nc6 38. Rc7 Ne5 39. Rc8 b4 40. a8=Q 1-0

[Event "*** SCC Grand Prix: Titled Tuesday Blitz"]
[Site "Chess.com"]
[Date "2020.07.07"]
[Round "4"]
[White "sergiochess83"]
[Black "cassoulet"]
[Result "0-1"]
[WhiteElo "2830"]
[BlackElo "2646"]
[TimeControl "180+1"]
[EndTime "10:40:07 PDT"]
[Termination "cassoulet won by resignation"]

1. e4 c5 2. Nf3 Nc6 3. Bb5 g6 4. O-O Bg7 5. c3 d6 6. d4 cxd4 7. cxd4 Bd7 8. Nc3 a6 9. Be2 Nf6 10. d5 Na7 11. Be3 O-O 12. Nd4 b5 13. a3 Nc8 14.
Rc1 Nb6 15. f3 Rc8 16. Na2 Na4 17. b3 Nc5 18. Nb4 Qe8 19. Nd3 e5 20. dxe6 Nxe6 21. Rxc8 Qxc8 22. Nxe6 Bxe6 23. Bd4 Rd8 24. Nf4 d5 25. e5 Nd7 26. Nxe6 fxe6 27. f4 Nc5 28. Bg4 Ne4 29. h3 Qd7 30. Qd3 Rc8 31. Bf3 Ng3 32. Re1 Nf5 33. Bf2 Qc7 34. g3 Qc3 35. Rd1 Qb2 36.
Rd2 Qxa3 37. g4 Ne7 38. Bd4 Qc1+ 39. Kg2 Bh6 40. Be3 Rc3 41. Qe2 Qb1 42. g5 Bf8 43. Bg4 Nf5 44. Bxf5 Qxf5 45. Bd4 Rxb3 46. Rc2 Qxf4 0-1

[Event "*** SCC Grand Prix: Titled Tuesday Blitz"]
[Site "Chess.com"]
[Date "2020.07.07"]
[Round "4"]
[White "Lenyas66"]
[Black "maciek_92"]
[Result "0-1"]
[WhiteElo "2494"]
[BlackElo "2673"]
[TimeControl "180+1"]
[EndTime "10:40:07 PDT"]
[Termination "maciek_92 won by resignation"]

1. e4 c6 2. d4 d5 3. exd5 cxd5 4. Bd3 Nc6 5. c3 g6 6. Nf3 Bg7 7. O-O Nh6 8. Re1 O-O 9. h3 Nf5 10. Bf4 Nd6 11. Nbd2 Bf5 12. Bf1 Rc8 13. Qb3 e6 14. Bxd6 Qxd6 15. g4 Be4 16. Nxe4 dxe4 17. Rxe4 b6 18.
Rd1 h6 19. d5 Na5 20. Qb5 Rc5 21. Qe2 Rxd5 22. Rxd5 Qxd5 23. b4 Nc6 24. Qc4 Qd6 25. Re2 Rc8 26. Rd2 Qb8 27. Qb3 Ne5 28. Nxe5 Qxe5 29.
c4 Qf4 30. Rd7 Be5 31. Bg2 a5 32. a3 Rxc4 33. Qg3 axb4 34. Qxf4 Bxf4 35. axb4 Rxb4 36. Rb7 Rb1+ 37. Bf1 Bd6 38. Kg2 Bc5 39. Bc4 Rb2 40.
Kg3 Rxf2 41. Rc7 Rc2 0-1

[Event "*** SCC Grand Prix: Titled Tuesday Blitz"]
[Site "Chess.com"]
[Date "2020.07.07"]
[Round "4"]
[White "grandemestregringo"]
[Black "stanyga"]
[Result "1-0"]
[WhiteElo "2486"]
[BlackElo "2620"]
[TimeControl "180+1"]
[EndTime "10:40:07 PDT"]
[Termination "grandemestregringo won on time"]

1. d4 Nf6 2. c4 e6 3. Nf3 b6 4.
g3 Ba6 5. Qc2 c5 6. d5 exd5 7.
cxd5 Be7 8. Nc3 O-O 9. Bg2 d6 10. O-O b5 11. b3 Nbd7 12. Rd1 b4 13. Na4 Rc8 14. Nd2 Bxe2 15. Re1 Bb5 16. Nb2 Nb6 17. a4 Ba6 18. Ndc4 Nbxd5 19. Bg5 Nc3 20. Nd1 h6 21. Nxc3 bxc3 22. Bf4 d5 23. Ne3 Re8 24. Nf5 d4 25.
Rxe7 Rxe7 26. Bxh6 gxh6 27. Qc1 Qf8 28. Qf4 Rce8 29.
Nxh6+ Kh8 30. Bc6 Re1+ 31. Rxe1 Rxe1+ 32. Kg2 Bf1+ 33. Kf3 Be2+ 34. Kg2 1-0

[Event "*** SCC Grand Prix: Titled Tuesday Blitz"]
[Site "Chess.com"]
[Date "2020.07.07"]
[Round "4"]
[White "Iskusnyh"]
[Black "HanSchut"]
[Result "1-0"]
[WhiteElo "2459"]
[BlackElo "2297"]
[TimeControl "180+1"]
[EndTime "10:40:07 PDT"]
[Termination "Iskusnyh won on time"]

1. d4 Nf6 2. c4 g6 3. g3 Bg7 4. Bg2 d5 5. cxd5 Nxd5 6. Nf3 c5 7. O-O O-O 8. Nc3 Nc6 9. Nxd5 Qxd5 10. Ne5 Qxd4 11.
Nxc6 bxc6 12. Be3 Qxb2 13. Rb1 Qxa2 14. Bxc5 Bf5 15. Rb7 Rad8 16. Qc1 Rd2 17. Bxe7 Rc8 18. Bf3 h5 19. Bg5 Rc2 20. Qe3 Qe6 21. Qxa7 Bh3 22.
Re1 Bg4 23. Re7 Qf5 24. Be4 Qc5 25.
Bxc2 Qxa7 26. Rxa7 Bh3 27. Bb3 Rf8 28. Be7 Re8 29. Bc5 Be6 30. Bxe6 Rxe6 31. Rd1 Bh6 32. Rd8+ Kg7 33. Bd4+ 1-0

[Event "*** SCC Grand Prix: Titled Tuesday Blitz"]
[Site "Chess.com"]
[Date "2020.07.07"]
[Round "4"]
[White "Nafania1"]
[Black "VALPARAISO37"]
[Result "1/2-1/2"]
[WhiteElo "2448"]
[BlackElo "2295"]
[TimeControl "180+1"]
[EndTime "10:40:07 PDT"]
[Termination "Game drawn by repetition"]

1. e4 e5 2. Nf3 Nc6 3. Bb5 a6 4. Ba4 Nf6 5. O-O Bc5 6. c3 b5 7. Bb3 d6 8. d4 Bb6 9. Be3 exd4 10. cxd4 Na5 11. Bc2 Bb7 12. Nbd2 O-O 13. Re1 Re8 14. d5 Bxe3 15. Rxe3 c6 16. b4 Nc4 17. Nxc4 bxc4 18.
dxc6 Bxc6 19. Qd4 d5 20. exd5 Bxd5 21. Rxe8+ Qxe8 22. Re1 Qb5 23. a3 Bxf3 24. gxf3 h6 25. Re5 Qc6 26. Be4 Nxe4 27. fxe4 c3 28. Rc5 Qg6+ 29.
Kh1 Re8 30. f3 c2 31. Rxc2 Qg5 32. Rg2 Rd8 33. Rxg5 Rxd4 34. Ra5 Rd6 35. Kg2 g5 36. Kg3 Kg7 37. Kg4 Kg6 38. Rc5 f6 39. a4 Rd2 40.
Kg3 Rb2 41. b5 axb5 42. Rxb5 Ra2 43. Ra5 h5 44. Ra8 h4+ 45. Kh3 Rf2 46. a5 Rxf3+ 47. Kg2 Ra3 48. h3 f5 49. exf5+ Kxf5 50. a6 Ra2+ 51. Kf3 Ra3+ 52. Kg2 Ra2+ 53. Kf3 Ra3+ 54. Kg2 1/2-1/2

[Event "*** SCC Grand Prix: Titled Tuesday Blitz"]
[Site "Chess.com"]
[Date "2020.07.07"]
[Round "4"]
[White "Onischuk_V"]
[Black "GukeshDommaraju"]
[Result "1-0"]
[WhiteElo "2889"]
[BlackElo "2712"]
[TimeControl "180+1"]
[EndTime "10:40:08 PDT"]
[Termination "Onischuk_V won by resignation"]

1. e4 c5 2. Nf3 Nc6 3. Bb5 g6 4. Bxc6 dxc6 5. d3 Bg7 6. h3 Nf6 7. Nc3 Nd7 8. Be3 e5 9. Qd2 h6 10. O-O b6 11. Nh2 Nf8 12. f4 exf4 13. Rxf4 Be6 14.
Raf1 g5 15. R4f2 Qd6 16. Ng4 Nd7 17. Qe2 O-O-O 18. Nb1 h5 19. Nh2 g4 20. Bf4 Be5 21.
hxg4 hxg4 22. Nxg4 Bxf4 23. Rxf4 Qd4+ 24. Ne3 Qxb2 25. a4 Rh7 26. Nd2 Rdh8 27. Kf2 Ne5 28. a5 Qd4 29. axb6 axb6 30. Ke1 Kb7 31. Nf3 Nxf3+ 32. R4xf3 Rh1 33. Qd2 Rxf1+ 34. Rxf1 Ra8 35.
Ke2 Qg7 36. Qe1 Ra2 37. Qh4 Qc3 38. Qe7+ Ka6 39. Qe8 Kb7 40. Rxf7+ Ka6 41. Qxe6 Rxc2+ 42. Nxc2 Qxc2+ 43. Kf3 Qc1 44. Qc4+ 1-0

[Event "*** SCC Grand Prix: Titled Tuesday Blitz"]
[Site "Chess.com"]
[Date "2020.07.07"]
[Round "4"]
[White "Rodalquilar"]
[Black "jocmil"]
[Result "0-1"]
[WhiteElo "2615"]
[BlackElo "2481"]
[TimeControl "180+1"]
[EndTime "10:40:09 PDT"]
[Termination "jocmil won on time"]

1. d4 Nf6 2. Bf4 c5 3. e3 d5 4.
Nf3 Nc6 5. Nbd2 cxd4 6. exd4 Qb6 7. Nb3 Bf5 8. Bd3 Bxd3 9. Qxd3 e6 10. O-O Be7 11.
Rfe1 O-O 12. c3 Ne4 13. Rab1 Rac8 14. Nbd2 Nxd2 15. Qxd2 Bf6 16. h4 Qd8 17. Bg5 h6 18. Qf4 hxg5 19. hxg5 Be7 20. g3 g6 21. Qh4 Re8 22.
Kg2 Bf8 23. Nh2 Bg7 24. Ng4 Kf8 25. Nf6 Ke7 26. Nxe8 Qxe8 27. c4 Qd7 28. Rbd1 Rh8 29. Qf4 Qd6 30. Qe3 Kd7 31. c5 Qe7 32. b4 Rh5 33. b5 Na5 34. f3 Qxg5 35. Qa3 b6 36. cxb6 axb6 37. Rc1 Qd2+ 0-1

[Event "*** SCC Grand Prix: Titled Tuesday Blitz"]
[Site "Chess.com"]
[Date "2020.07.07"]
[Round "4"]
[White "Grieve72"]
[Black "albi1999"]
[Result "0-1"]
[WhiteElo "2233"]
[BlackElo "2476"]
[TimeControl "180+1"]
[EndTime "10:40:09 PDT"]
[Termination "albi1999 won on time"]

1. e4 e5 2. Nf3 Nc6 3. Be2 Nf6 4. d3 Bc5 5. c3 d6 6. b4 Bb6 7. h3 h6 8. a4 a5 9. b5 Ne7 10. Qc2 Ng6 11. Na3 c6 12. Nc4 Bc7 13. Ba3 O-O 14. b6 Bb8 15. Rb1 Re8 16. O-O d5 17. Ne3 Nf4 18.
Rfe1 Be6 19. Bf1 Qc8 20. Kh2 c5 21. exd5 N6xd5 22. Nxd5 Bxd5 23. Bc1 Bxf3 24. Bxf4 Bc6 25.
Bg3 Qf5 26. Be2 Bd6 27. Bg4 Qg6 28. Rbd1 h5 29. Be2 c4 30. h4 Rad8 31. Qd2 cxd3 32. Qxd3 e4 33. Qe3 Bxg3+ 34. Qxg3 Qxg3+ 35. Kxg3 Bxa4 36. Ra1 Bc2 37. Rxa5 Re6 38. Bxh5 Rxb6 39. Re3 Rc6 40. Be2 Bd3 0-1

[Event "*** SCC Grand Prix: Titled Tuesday Blitz"]
[Site "Chess.com"]
[Date "2020.07.07"]
[Round "4"]
[White "Parkas"]
[Black "thedjoker98"]
[Result "1/2-1/2"]
[WhiteElo "2336"]
[BlackElo "2508"]
[TimeControl "180+1"]
[EndTime "10:40:09 PDT"]
[Termination "Game drawn - insufficient material"]

1. d4 d5 2. Nc3 Nf6 3. Bf4 c5 4. e3 cxd4 5. exd4 a6 6. Nf3 Nc6 7. Ne5 Bd7 8. Be2 e6 9. O-O Bb4 10. Qd3 O-O 11. a3 Bxc3 12. Qxc3 Rc8 13. Qe3 Qb6 14. Nxd7 Nxd7 15. c3 Rfe8 16. b4 Na7 17. a4 Qc6 18. Rfc1 Nb6 19. b5 axb5 20. axb5 Nxb5 21.
Bxb5 Qxb5 22. Rab1 Qc6 23. Qg3 f6 24. h4 Nc4 25. h5 e5 26. h6 Rc7 27. dxe5 fxe5 28. Bg5 Qg6 29. Rb5 gxh6 30. Bh4 Qxg3 31. Bxg3 Rd7 32. Rd1 d4 33. Rb4 Rc8 34. cxd4 exd4 35. Rc1 d3 36. Bf4 Rd4 37. Be3 d2 38. Bxd2 Rxd2 39.
Rcxc4 Rxc4 40. Rxc4 Rd8 41. Rb4 Rb8 42. Rb6 Kg7 43.
f3 h5 44. Kf2 Kf7 45. Kg3 Ke7 46. Kh4 Kd7 47. Kxh5 Kc7 48. Rb2 Rg8 49. g4 Kc6 50. f4 b5 51. g5 Rf8 52. Kg4 Kc5 53. f5 Kc4 54. f6 b4 55. Kf5 Kc3 56. Rb1 b3 57. g6 hxg6+ 58. Kxg6 Kc2 59. Rh1 b2 60. f7 Rxf7 61. Kxf7 b1=Q 62. Rxb1 Kxb1 1/2-1/2

[Event "*** SCC Grand Prix: Titled Tuesday Blitz"]
[Site "Chess.com"]
[Date "2020.07.07"]
[Round "4"]
[White "chessfrendz"]
[Black "TioCridineno"]
[Result "0-1"]
[WhiteElo "2307"]
[BlackElo "2109"]
[TimeControl "180+1"]
[EndTime "10:40:09 PDT"]
[Termination "TioCridineno won by resignation"]

1. e4 c5 2. Nf3 d6 3. d4 cxd4 4. Nxd4 Nf6 5. Nc3 a6 6. Bc4 e6 7. Bb3 Be7 8. Qe2 O-O 9. Be3 Qc7 10. O-O b5 11. a3 Nc6 12. Nxc6 Qxc6 13. f3 Bb7 14.
Qf2 Rac8 15. Rad1 Rfd8 16. Bd4 Nd7 17. Qg3 Bf8 18. Kh1 Nc5 19. Ba2 Qc7 20. h4 h6 21.
h5 Qe7 22. Rd2 Qg5 23. Qxg5 hxg5 24. Rfd1 Nd7 25. Be3 Be7 26. Ne2 Ne5 27. Bb6 Re8 28.
Ng3 g4 29. f4 Nc4 30. Bxc4 Rxc4 31. Re2 Rec8 32. c3 d5 33. exd5 Bh4 34. Ne4 Bxd5 35.
Nd6 R8c6 36. Nxc4 Bxc4 37. Red2 Rxb6 38. Rd6 Rxd6 39. Rxd6 a5 40. Rb6 a4 41. Kh2 Bf2 42. Rb8+ Kh7 43. g3 Be3 44. Rf8 e5 45. fxe5 Bc1 46.
Rd8 Bxb2 47. Rd4 Bxa3 48. Rxg4 Bb2 49. Rf4 a3 0-1

[Event "*** SCC Grand Prix: Titled Tuesday Blitz"]
[Site "Chess.com"]
[Date "2020.07.07"]
[Round "4"]
[White "mbojan"]
[Black "rpragchess"]
[Result "0-1"]
[WhiteElo "2538"]
[BlackElo "2806"]
[TimeControl "180+1"]
[EndTime "10:40:10 PDT"]
[Termination "rpragchess won by resignation"]

1. e4 c5 2. Nf3 e6 3. d4 cxd4 4.
Nxd4 a6 5. c4 Nf6 6. Nc3 Qc7 7.
Be2 Bb4 8. Qd3 d6 9. Nc2 Bc5 10. Be3 O-O 11. O-O Nc6 12. Rfd1 Rd8 13. a3 e5 14. Nd5 Nxd5 15. cxd5 Bxe3 16. Qxe3 Ne7 17. Rac1 Rf8 18. Qb3 f5 19. Ne3 Qb8 20. exf5 Nxf5 21.
Nxf5 Bxf5 22. Qb6 Rf7 23. Rc3 Qd8 24. Qxd8+ Rxd8 25. Rdc1 Kf8 26. f3 g5 27. Kf2 e4 28.
Kg3 Re8 29. fxe4 Rxe4 30. Bf3 Rd4 31. h3 Be4 32. Bh5 Rd2 33. Bf3 Bxd5 34. Rc8+ Kg7 35. Bxd5 Rxd5 36. R8c7 Rd3+ 37. Kg4 Rxc7 38. Rxc7+ Kg6 0-1

[Event "*** SCC Grand Prix: Titled Tuesday Blitz"]
[Site "Chess.com"]
[Date "2020.07.07"]
[Round "4"]
[White "JozefKneht"]
[Black "Bulldog167"]
[Result "1-0"]
[WhiteElo "2457"]
[BlackElo "2710"]
[TimeControl "180+1"]
[EndTime "10:40:10 PDT"]
[Termination "JozefKneht won on time"]

1. e4 c5 2. Nf3 e6 3. d4 cxd4 4. Nxd4 Nc6 5. Nc3 Qc7 6. Be2 a6 7. O-O Nf6 8. Kh1 d6 9. Be3 Be7 10. f4 O-O 11. Qe1 Nxd4 12. Bxd4 Bd7 13. e5 Nd5 14. Nxd5 exd5 15. Bd3 dxe5 16. Bxe5 Bd6 17. Qh4 h6 18. Rae1 Rae8 19. Bxg7 Kxg7 20. Qg3+ Kh8 21. Qh4 Bxf4 22. Rxe8 Rxe8 23. Rxf4 Re1+ 24.
Qxe1 Qxf4 25. Qf1 Qxf1+ 26. Bxf1 Kg7 27. Kg1 Kf6 28. Kf2 Ke5 29. Ke3 d4+ 30. Kd2 a5 31. g3 b6 32. a3 f5 33. Bd3 f4 34. Ke2 Bc6 35. Kf2 Be4 36. Bxe4 Kxe4 37. g4 f3 38. a4 1-0

[Event "*** SCC Grand Prix: Titled Tuesday Blitz"]
[Site "Chess.com"]
[Date "2020.07.07"]
[Round "4"]
[White "mortngabriel"]
[Black "vangulio"]
[Result "1-0"]
[WhiteElo "2330"]
[BlackElo "2444"]
[TimeControl "180+1"]
[EndTime "10:40:11 PDT"]
[Termination "mortngabriel won by checkmate"]

1. d4 Nf6 2. Nf3 g6 3. c4 Bg7 4. Nc3 O-O 5. e4 d6 6. h3 c5 7.
d5 e6 8. Bd3 exd5 9. exd5 Re8+ 10. Be3 a6 11. O-O b5 12. cxb5 Nbd7 13. a4 Nb6 14.
Bg5 axb5 15. Bxb5 Bd7 16. Bc6 Rc8 17. a5 Nc4 18. a6 Bxc6 19. dxc6 Rxc6 20. Nd5 Nb6 21.
a7 Rc8 22. Nxb6 Qxb6 23. Qa4 h6 24. Bf4 Ra8 25. Rfe1 Rxe1+ 26. Nxe1 Nd5 27. Bc1 Nb4 28. Nf3 Nc6 29. Qe4 Rxa7 30. Qe8+ Kh7 31. Rxa7 Nxa7 32. Qxf7 Nc8 33. h4 Qd8 34. h5 gxh5 35. Qf5+ Kh8 36.
Qxh5 Ne7 37. Bxh6 Bxh6 38. Qxh6+ Kg8 39. Ng5 Qe8 40. Qh7+ Kf8 41. Ne6# 1-0

[Event "*** SCC Grand Prix: Titled Tuesday Blitz"]
[Site "Chess.com"]
[Date "2020.07.07"]
[Round "4"]
[White "tan275"]
[Black "Lion-Al-Messi"]
[Result "0-1"]
[WhiteElo "2273"]
[BlackElo "2446"]
[TimeControl "180+1"]
[EndTime "10:40:12 PDT"]
[Termination "Lion-Al-Messi won on time"]

1. d4 d5 2. c4 c6 3. Nc3 Nf6 4. e3 e6 5. Nf3 Nbd7 6. Qc2 Bd6 7.
Bd3 dxc4 8. Bxc4 b5 9. Be2 Bb7 10. O-O O-O 11. Rd1 Qe7 12. h3 e5 13. dxe5 Nxe5 14. e4 Rad8 15. Bg5 Nxf3+ 16. Bxf3 Qe5 17. Bxf6 Qxf6 18. Rd3 Be5 19. Rad1 Rxd3 20. Qxd3 b4 21.
Na4 Bxb2 22. Nc5 Bc8 23. Qd6 h6 24. Qxf6 Bxf6 25. Rd6 a5 26. Rxc6 Rd8 27. Be2 Kh7 28. Bd3 Be5 29. g4 g6 30. Bc4 Kg7 31. Nd3 Bd4 32. Rc7 Bd7 33. e5 Kf8 34. Kg2 Bb6 35. Rxd7 Rxd7 36. f4 Rd4 37. Ba6 a4 38. Kf3 b3 39.
axb3 axb3 40. Nb2 Rd2 41. Nc4 Rf2+ 42. Kg3 b2 43. Na3 Rc2 0-1

[Event "*** SCC Grand Prix: Titled Tuesday Blitz"]
[Site "Chess.com"]
[Date "2020.07.07"]
[Round "4"]
[White "sewin16"]
[Black "poppy73"]
[Result "1-0"]
[WhiteElo "2414"]
[BlackElo "2209"]
[TimeControl "180+1"]
[EndTime "10:40:12 PDT"]
[Termination "sewin16 won by resignation"]

1. e4 c5 2. Nf3 d6 3. d4 cxd4 4.
Nxd4 Nf6 5. Nc3 a6 6. Bg5 e6 7.
Qe2 Nbd7 8. O-O-O h6 9. Bh4 Qc7 10. f4 b5 11. g4 Bb7 12. Bg2 b4 13. Nd5 Nxd5 14. exd5 e5 15. fxe5 Nxe5 16. Bg3 Rc8 17. Nc6 Bxc6 18. dxc6 Be7 19. Bxe5 dxe5 20. Rd7 Qa5 21.
Kb1 Bf6 22. Qc4 O-O 23. Bd5 Rc7 24. Bxf7+ Kh8 25. Rxc7 Qxc7 26. Bd5 a5 27. Qe4 Bg5 28. b3 Rf6 29. h4 Bf4 30. g5 Rd6 31. Rd1 Qd8 32.
Qc4 hxg5 33. c7 Qc8 34. hxg5 Bxg5 35. Rh1+ Bh6 36. Bb7 Qxb7 37. c8=Q+ Qxc8 38. Qxc8+ Kh7 39. Qf5+ Kh8 40. Qxe5 Rf6 41. Qxf6 gxf6 42. Rxh6+ Kg7 43. Rh5 1-0

[Event "*** SCC Grand Prix: Titled Tuesday Blitz"]
[Site "Chess.com"]
[Date "2020.07.07"]
[Round "4"]
[White "kakakz"]
[Black "Juanovic"]
[Result "1-0"]
[WhiteElo "2380"]
[BlackElo "2071"]
[TimeControl "180+1"]
[EndTime "10:40:12 PDT"]
[Termination "kakakz won by resignation"]

1. d4 d5 2. Nf3 Nf6 3. g3 g6 4.
Bg2 Bg7 5. c4 c6 6. Nc3 O-O 7.
cxd5 Nxd5 8. O-O Nxc3 9. bxc3 Nd7 10. e4 e5 11. Ba3 Re8 12. d5 Nb6 13. dxc6 bxc6 14.
Qe2 Be6 15. Rfd1 Qc8 16. Ng5 Bc4 17. Qe1 h6 18. Bh3 Qa6 19. Nxf7 Bxf7 20. Bd6 Nc4 21. Bc5 Rad8 22. Bd7 Rxd7 23. Rxd7 Qc8 24. Rxa7 Qh3 25. Qf1 Qg4 26. Rxf7 Nd2 27. Rxg7+ Kxg7 28. Qd3 Nf3+ 29. Kg2 Nh4+ 30. Kh1 Nf3 31. Rb1 h5 32. a4 Re6 33.
Rb7+ Kf6 34. Qd8+ 1-0

[Event "*** SCC Grand Prix: Titled Tuesday Blitz"]
[Site "Chess.com"]
[Date "2020.07.07"]
[Round "4"]
[White "NowInChess"]
[Black "Synctel"]
[Result "0-1"]
[WhiteElo "2119"]
[BlackElo "1928"]
[TimeControl "180+1"]
[EndTime "10:40:12 PDT"]
[Termination "Synctel won on time"]

1. e4 e6 2. d3 d5 3. Qe2 Be7 4. Nf3 Nf6 5. g3 O-O 6. e5 Nfd7 7. Bg2 c5 8. O-O Nc6 9. c4 d4 10. h4 b6 11. Bf4 Bb7 12. Nbd2 Qc8 13. Ne4 f5 14.
exf6 Nxf6 15. Nd6 Bxd6 16. Bxd6 Re8 17. Rfe1 Qd7 18. Be5 Nd8 19. Ng5 Bxg2 20. Kxg2 h6 21. Bxf6 gxf6 22. Qf3 Nf7 23. Nxe6 Ne5 24. Qxf6 Qxe6 25.
Qxe6+ Rxe6 26. f4 Rae8 27. fxe5 Rxe5 28. Rxe5 Rxe5 29. Rf1 Re3 30. Rf3 Re2+ 31. Rf2 Re3 32. Rd2 h5 33. Kf2 Kg7 34. a3 Kg6 35. b4 Kf5 36.
bxc5 bxc5 37. Rb2 Rxd3 38. Rb5 Kg4 39. Rxc5 Rf3+ 40. Ke2 Rxa3 41. Rg5+ Kh3 0-1

[Event "*** SCC Grand Prix: Titled Tuesday Blitz"]
[Site "Chess.com"]
[Date "2020.07.07"]
[Round "4"]
[White "Isajevsky_Anton"]
[Black "Sychev_Klementy"]
[Result "1-0"]
[WhiteElo "2549"]
[BlackElo "2805"]
[TimeControl "180+1"]
[EndTime "10:40:14 PDT"]
[Termination "Isajevsky_Anton won on time"]

1. c4 g6 2. g3 c5 3. Bg2 Bg7 4. Nc3 Nc6 5. Rb1 e6 6. a3 Nge7 7. b4 d6 8. Nf3 O-O 9. O-O Qd7 10. e3 Nf5 11. g4 Nh6 12. h3 f5 13. g5 Nf7 14. d4 Qe7 15. h4 b6 16. Bb2 Bb7 17. d5 Nce5 18. Nxe5 Nxe5 19. bxc5 bxc5 20. Qe2 f4 21. exf4 Rxf4 22. Bc1 Rxc4 23. Rxb7 Qxb7 24.
dxe6 Qc8 25. Nd5 Kh8 26. f4 Rxc1 27. Rxc1 Nc6 28. e7 Qd7 29. Nf6 Bxf6 30. gxf6 Re8 31. Qe4 1-0

[Event "*** SCC Grand Prix: Titled Tuesday Blitz"]
[Site "Chess.com"]
[Date "2020.07.07"]
[Round "4"]
[White "Supernotar"]
[Black "Mikhal867"]
[Result "1-0"]
[WhiteElo "2803"]
[BlackElo "2359"]
[TimeControl "180+1"]
[EndTime "10:40:14 PDT"]
[Termination "Supernotar won by checkmate"]

1. d4 Nf6 2. c4 g6 3. Nc3 Bg7 4. e4 O-O 5. Be2 d6 6. Nf3 e5 7. O-O Nc6 8. d5 Ne7 9. Ne1 Nd7 10. Be3 f5 11. f3 f4 12. Bf2 g5 13. a4 a5 14. Nd3 b6 15. b4 Ng6 16. Nb5 axb4 17. Nxb4 Nc5 18. Nc6 Qd7 19. a5 bxa5 20. Rxa5 Bb7 21. Nba7 Ne7 22. Nxe7+ Qxe7 23. Bxc5 dxc5 24.
Qa4 Rf6 25. Rb1 Rb6 26. Rxb6 cxb6 27. Nc6 Qe8 28. Rxa8 Qxa8 29. Ne7+ Kf7 30. Qd7 Bf8 31. Nf5+ Kg8 32. Qe6+ Kh8 33. Qxe5+ Kg8 34. Qe6+ Kh8 35. Qf6+ Kg8 36. Qxg5+ Kf7 37. Qxf4 Qa1+ 38. Bf1 Ba6 39.
h4 Kg8 40. Qg5+ Kh8 41. Qd8 Kg8 42. Nh6+ Kg7 43. Qg5+ Kh8 44. Nf7# 1-0